 Dungeon Crawl Stone Soup version 0.19.1-1-g22dce08 (webtiles) character file.

276 godfroggy the Stinger (level 6, 0/32 HPs)
             Began as a Deep Elf Venom Mage on Jan 6, 2017.
             Slain by a bullfrog zombie (2 damage)
             ... on level 5 of the Dungeon.
             The game lasted 00:27:53 (4018 turns).

godfroggy the Stinger (Deep Elf Venom Mage)         Turns: 4018, Time: 00:27:54

Health: 0/32       AC:  2    Str:  6    XL:     6   Next: 4%
Magic:  7/12       EV: 13    Int: 26    God:
Gold:   140        SH:  0    Dex: 15    Spells: 3 memorised, 2 levels left

rFire  . . .     SeeInvis .     m - staff of air
rCold  . . .     Gourm    .     a - +0 robe
rNeg   . . .     Faith    .     (no shield)
rPois  .         Spirit   .     (no helmet)
rElec  +         Reflect  .     (no cloak)
rCorr  .         Harm     .     (no gloves)
MR     .....                    (no boots)
Stlth  ++........               (no amulet)
                                (no ring)
                                (no ring)

@: brilliant, lethally poisoned (0 -> -3)
A: no striking features
a: no special abilities


You were on level 5 of the Dungeon.
You were hungry.

You visited 1 branch of the dungeon, and saw 5 of its levels.

You collected 140 gold pieces.

Inventory:

Armour
 a - a +0 robe (worn)
Magical Staves
 m - an uncursed staff of air (weapon)
Scrolls
 j - 2 scrolls of fear
 k - a scroll of identify
 n - a scroll of teleportation {unknown}
Potions
 g - a potion of magic {unknown}
 h - a potion of agility {unknown}
 i - a potion of experience {unknown}
 l - 2 potions of cancellation
Books
 b - a Young Poisoner's Handbook

   Spells                             Type                      Level
   a - Sting                          Conjuration/Poison           1
   b - Mephitic Cloud                 Conjuration/Poison/Air       3
   c - Olgreb's Toxic Radiance        Poison                       4
   d - Alistair's Intoxication        Transmutation/Poison         5
   e - Venom Bolt                     Conjuration/Poison           5
Comestibles
 c - a bread ration
 f - 2 meat rations


   Skills:
 + Level 1.5 Staves
 * Level 3.2 Dodging
 - Level 2.4 Stealth
 - Level 3.0 Spellcasting
 - Level 5.0 Conjurations
 + Level 1.4 Air Magic
 - Level 5.0 Poison Magic


You had 2 spell levels left.
You knew the following spells:

 Your Spells              Type           Power        Failure   Level  Hunger
a - Sting                 Conj/Pois      ####         1%          1    None
b - Mephitic Cloud        Conj/Pois/Air  ######..     1%          3    ###....
c - Venom Bolt            Conj/Pois      #####.....   4%          5    ######.


Dungeon Overview and Level Annotations

Branches:
Dungeon (5/15)
 Temple: D:4-7

Altars:

Annotations:
D:3 galech's ghost, amateur OgBe
D:4 Paps's ghost, amateur DsFi


Message History

Confirm with . or Enter, or press ? or * to list all spells.
Aiming: Mephitic Cloud
Press: ? - help, Shift-Dir - straight line You feel a surge of power!
The ball explodes into a vile cloud!
The stinking cloud engulfs the gnoll.
You hear a shout! x2
The gnoll is engulfed in noxious fumes.
The gnoll appears confused.
* * * LOW HITPOINT WARNING * * *
You feel sick.
It was a potion of cancellation.
You feel magically purged. The hound skeleton closely misses you.
The crimson imp barely misses you.
The gnoll hits the crimson imp with a club.
The hound skeleton closely misses you. The hound skeleton closely misses you.
The crimson imp grins evilly.
The adder is engulfed in noxious fumes.
The adder appears confused.
It was a potion of brilliance.
You feel clever all of a sudden. The bullfrog zombie hits you.
You die...

. ####. ####.
#...# ......
#)#.##.#....
#.....).....
#..........#
#..Z.....a..
#.@Z..(..... .
#..5.g.....#
...#§.........#
.....S........#
...##.§o<..$....
......#.......#.
.....##.#Y###...
.... #.#(# ..
#... ..#.# .


You could see a sky beast, a worker ant, a gnoll (confused), a crimson imp, an
adder (confused), an orc, a bullfrog zombie and a hound skeleton.

Vanquished Creatures
  A hound (D:4)
  An orc wizard (D:3)
  3 worker ants (D:4)
  4 gnolls
  5 adders
  A worm (D:2)
  A dart slug (D:1)
  A leopard gecko (D:3)
  3 orcs (D:3)
  A ball python (D:3)
  3 giant cockroaches
  5 goblins (D:1)
  4 hobgoblins (D:1)
  16 jackals
  A quokka (D:4)
  5 bats
  3 frilled lizards
  4 kobolds
  4 rats
66 creatures vanquished.

Notes
Turn   | Place    | Note
-------+----------+-------------------------------------------
     0 | D:1      | godfroggy the Deep Elf Venom Mage began the quest for the Orb.
     0 | D:1      | Reached XP level 1. HP: 10/10 MP: 6/6
    79 | D:1      | Reached skill level 1 in Conjurations
   178 | D:1      | Reached XP level 2. HP: 9/15 MP: 6/8
   773 | D:2      | Reached XP level 3. HP: 19/19 MP: 5/9
  1091 | D:1      | Learned a level 3 spell: Mephitic Cloud
  1629 | D:1      | Reached XP level 4. HP: 18/24 MP: 5/10
  2268 | D:3      | Noticed galech's ghost (amateur OgBe)
  2708 | D:3      | Reached XP level 5. HP: 16/28 MP: 0/11
  2974 | D:4      | Reached skill level 5 in Poison Magic
  2976 | D:4      | Reached skill level 5 in Conjurations
  3260 | D:4      | Noticed Paps's ghost (amateur DsFi)
  3470 | D:4      | Reached skill level 1 in Staves
  3470 | D:4      | Reached skill level 1 in Air Magic
  3480 | D:4      | Learned a level 5 spell: Venom Bolt
  3582 | D:4      | Noticed a phantom
  3682 | D:4      | Reached XP level 6. HP: 29/32 MP: 8/12
  4008 | D:4      | HP: 1/32 [gnoll/club (3)]
  4009 | D:5      | Entered Level 5 of the Dungeon
  4013 | D:5      | Noticed a sky beast
  4018 | D:5      | Slain by a bullfrog zombie

Skill      XL: |  1  2  3  4  5 |
---------------+----------------+-----
Conjurations   | 1 3 4 5 |  5.0
Poison Magic   | 5 |  5.0
Staves         | 1 |  1.5
Dodging        | 3 |  3.2
Air Magic      | 1 |  1.4
Stealth        | |  2.4
Spellcasting   | |  3.0

Action                   |  1- 3 |  4- 6 || total
-------------------------+-------+-------++-------
Melee: Unarmed           |     2 |       ||     2
       Staff             |       |    20 ||    20
 Cast: Sting             |    75 |    68 ||   143
       Mephitic Cloud    |     3 |    13 ||    16
  Use: Scroll            |     5 |       ||     5
       Potion            |       |     4 ||     4
 Stab: Sleeping          |     1 |     3 ||     4
  Eat: Chunk             |     2 |     8 ||    10
Armor: Robe              |     3 |    12 ||    15
Dodge: Dodged            |    30 |    48 ||    78
